 Dungeon Crawl Stone Soup version 0.21-a0-201-g8501b10 (webtiles) character file.

169 Jeffwins the Slasher (level 5, -2/37 HPs)
             Began as an Octopode Monk on Aug 19, 2017.
             Slain by an orc
             ... wielding a +0 dagger
              (5 damage)
             ... on level 3 of the Dungeon.
             The game lasted 00:02:17 (2358 turns).

Jeffwins the Slasher (Octopode Monk)                Turns: 2358, Time: 00:02:17

Health: -2/37      AC:  1    Str: 10    XL:     5   Next: 50%
Magic:  5/5        EV: 22    Int: 12    God:
Gold:   191        SH:  0    Dex: 16    Spells: 4/4 levels left

rFire    . . .     SeeInvis .   a - +0 falchion
rCold    . . .     Gourm    .   (no shield)
rNeg     . . .     Faith    .   (helmet restricted)
rPois    +         Spirit   .   (no amulet)
rElec    .         Reflect  .   m - +3 ring of evasion
rCorr    .         Harm     .   q - ring of poison resistance
MR       .....                  n - +4 ring of evasion
Stlth    ++++......             (no ring)
HPRegen  0.12/turn              (no ring)
MPRegen  0.09/turn              (no ring)
                                (no ring)
                                (no ring)

@: no status effects
A: almost no armour, stealthy swim, amphibious, 8 rings, constrict 8, camouflage
1, gelatinous body 1
a: no special abilities


You were on level 3 of the Dungeon.
You were hungry.

You visited 1 branch of the dungeon, and saw 3 of its levels.

You collected 191 gold pieces.

Inventory:

Hand Weapons
 a - a +0 falchion (weapon)
 t - a +1 whip of venom
 u - a +0 dagger of electrocution
Jewellery
 m - a +3 ring of evasion (left tentacle)
 n - a +4 ring of evasion (on tentacle)
 q - a ring of poison resistance (right tentacle)
 v - an uncursed ring of teleportation
Scrolls
 c - 2 scrolls of immolation {unknown}
 e - a scroll of amnesia {unknown}
 g - 2 scrolls of remove curse
 h - a scroll of fog {unknown}
 s - 4 scrolls of identify {unknown}
 w - a scroll of enchant armour {unknown}
Potions
 f - 2 potions of brilliance {unknown}
 i - a potion of curing {unknown}
 j - a potion of ambrosia {unknown}
 l - a potion of lignification {unknown}
 o - a potion of magic {unknown}
 r - a potion of agility {unknown}
Comestibles
 b - 3 bread rations
 k - a fruit
 p - a meat ration
 x - a royal jelly


   Skills:
 + Level 3.7 Fighting
 * Level 4.4 Long Blades
 + Level 3.7 Dodging
 + Level 4.2 Stealth


You had 4 spell levels left.
You didn't know any spells.

Dungeon Overview and Level Annotations

Branches:
Dungeon (3/15)

Altars:
Dithmenos
Elyvilon
Makhleb
Xom


Innate Abilities, Weirdness & Mutations

You cannot wear most types of armour.
You are very stealthy in the water. (Stealth+)
You are amphibious.
You can wear up to eight rings at the same time.
You can use your tentacles to constrict eight enemies at once.
Your skin changes colour to match your surroundings (Stealth+).
Your rubbery body absorbs attacks. (AC +1, EV +1)


Message History

You constrict the orc wizard, but do no damage.
The orc wizard casts a spell at you. The magic dart hits you!
The orc barely misses you. The orc misses you.
You riposte.
You hit the orc but do no damage. Your grab misses the orc.
You barely miss the orc wizard.
The orc wizard is moderately wounded.
You constrict the orc wizard.
The orc wizard gestures at you while chanting.
The magic dart hits you! The orc completely misses you.
You riposte.
You hit the orc. You grab the orc.
The orc is heavily wounded.
The orc misses you.
You riposte.
You hit the orc. Your grab misses the orc. Your squeeze misses the orc.
The orc is severely wounded.
The orc wizard casts a spell at you. The puff of flame hits you!
* * * LOW HITPOINT WARNING * * *
You release your grip on the orc wizard.
You release your grip on the orc.
The orc hits you with a dagger.
You die...

.##.....# #. ....
.##.....## ##. ...# .
.......#.# .#. ...# ..
.......#.# '. ...#.#
.........# #. .....
###+##...# #.#...
#..## #.o.# #..# #oo#
#..## ##@## #...##
###..#########
#.#..####.............
#....>............#
#.#######......)..# #.
#.........# #.
#.........# ..
######..### ##.#


You could see an orc wizard and 2 orcs.

Vanquished Creatures
  2 orc priests (D:3)
  3 gnolls (D:2)
  3 adders (D:3)
  An ooze (D:1)
  2 worms
  A leopard gecko (D:2)
  5 orcs (D:3)
  6 bats
  2 giant cockroaches
  3 goblins (D:2)
  2 hobgoblins (D:3)
  2 jackals (D:3)
  A quokka (D:2)
  A ball python (D:3)
  2 frilled lizards
  3 kobolds
  7 rats
46 creatures vanquished.

Notes
Turn   | Place    | Note
-------+----------+-------------------------------------------
     0 | D:1      | Jeffwins the Octopode Monk began the quest for the Orb.
     0 | D:1      | Reached XP level 1. HP: 16/16 MP: 1/1
   195 | D:1      | Reached XP level 2. HP: 21/21 MP: 2/2
  1033 | D:2      | Found a shimmering altar of Xom.
  1033 | D:2      | Found a white marble altar of Elyvilon.
  1191 | D:2      | Reached XP level 3. HP: 26/26 MP: 3/3
  1224 | D:2      | Found a burning altar of Makhleb.
  1224 | D:2      | Noticed a cacodemon
  1227 | D:2      | Noticed a smoke demon
  1227 | D:2      | Noticed a neqoxec
  1295 | D:2      | Reached XP level 4. HP: 13/31 MP: 4/4
  1974 | D:3      | Found a shadowy altar of Dithmenos.
  2079 | D:3      | Reached XP level 5. HP: 11/36 MP: 5/5
  2358 | D:3      | Slain by an orc

Vault maps used:
D:1:      lemuel_arrival_room, hangedman_abyss_or_decor_stabs
D:2:      makhleb_altar_promises_db, gammafunk_temple_overflow_wave,
          kennysheep_generic_room_11
D:3:      kb_forest_paths, yredelemnul_forgotten_temple_becter,
          nicolae_dithmenos_shadow_blocks, amethyst_overflow_temple_binary,
          minivault_25, minmay_misc_feat_roman

Skill      XL: |  1  2  3  4 |
---------------+-------------+-----
Stealth        | 3 4 |  4.2
Long Blades    | 4 |  4.4
Fighting       | |  3.7
Dodging        | |  3.7

Action                   |  1- 3 |  4- 6 || total
-------------------------+-------+-------++-------
Melee: Falchion          |    48 |    44 ||    92
       Tentacles         |     9 |    10 ||    19
       Constrict         |    16 |    14 ||    30
  Use: Scroll            |       |     1 ||     1
       Potion            |       |     1 ||     1
 Stab: Sleeping          |    10 |     2 ||    12
  Eat: Chunk             |     1 |     3 ||     4
Armor: Skin              |     2 |       ||     2
Dodge: Dodged            |    38 |    39 ||    77
       Rpst.: Falchion   |    11 |    15 ||    26
